 Dungeon Crawl Stone Soup version 0.29.1-2-gbd0b4ee654 (webtiles) character file.

Game seed: 1325356936964455048

81 Gabide the Ruffian (level 4, -2/37 HPs)
             Began as a Ghoul Gladiator on Oct 28, 2022.
             Slain by a kobold
             ... wielding a +0 dagger
              (3 damage)
             ... on level 4 of the Dungeon.
             The game lasted 00:03:15 (2531 turns).

Gabide the Ruffian (Ghoul Gladiator)                Turns: 2531, Time: 00:03:16

Health: -2/37      AC:  4    Str: 19    XL:     4   Next: 42%
Magic:  3/3        EV: 12    Int:  3    God:
Gold:   134        SH:  0    Dex: 10    Spells: 3/3 levels left

rFire   . . .      SeeInvis .     - Unarmed
rCold   + . .      Faith    .   (no shield)
rNeg    + + +      Spirit   .   a - +0 leather armour
rPois   ∞          Reflect  .   b - +0 helmet
rElec   .          Harm     .   (no cloak)
rCorr   .          Rampage  .   (no gloves)
Will    .....                   (no boots)
Stlth   +.........              (no amulet)
HPRegen 0.00/turn               (no ring)
MPRegen 0.08/turn               (no ring)

@: about to teleport, flying, inhibited regen
A: claws 1, cold resistance 1, negative energy resistance 3, inhibited
regeneration, torment resistance 2, devour on kill
a: no special abilities


You were on level 4 of the Dungeon.
You visited 1 branch of the dungeon, and saw 4 of its levels.

You collected 134 gold pieces.

Inventory:

Missiles
 d - a javelin
 k - a poisoned dart (quivered)
Armour
 a - a +0 leather armour (worn)
 b - a +0 helmet (worn)
 p - the +1 pair of gloves "Keerunoo" {rC+ Stlth+}
   (You found it on level 3 of the Dungeon)

   rC:        It protects you from cold.
   Stlth:     It makes you more stealthy.
Jewellery
 s - a ring of resist corrosion
Scrolls
 e - a scroll of amnesia {unknown}
 l - a scroll of silence {unknown}
 o - a scroll of teleportation
 r - a scroll of enchant armour {unknown}
 u - a scroll of enchant weapon {unknown}
Potions
 f - a potion of berserk rage {unknown}
 g - a potion of flight
 h - a potion of curing {unknown}
 j - a potion of lignification {unknown}
 m - a potion of attraction {unknown}
 n - a potion of degeneration {unknown}
 q - a potion of heal wounds {unknown}
 t - a potion of magic {unknown}


   Skills:
 + Level 2.9 Fighting
 * Level 3.0 Throwing
 + Level 3.1 Dodging
 + Level 3.8 Unarmed Combat


You had 3 spell levels left.
You didn't know any spells.
Your spell library contained the following spells:

 Spells                   Type           Power      Damage    Failure   Level
 Magic Dart               Conj           0%         1d3       58%         1
 Searing Ray              Conj           0%         2d4       73%         2
 Fulminant Prism          Conj/Hex       0%         3d6       100%        4


Dungeon Overview and Level Annotations

Branches:
Dungeon (4/15)
 Temple: D:4-7

Altars:


Innate Abilities, Weirdness & Mutations

You are immune to poison.
You have sharp fingernails.
Your flesh is cold resistant. (rC+)
You are immune to negative energy. (rN+++)
You do not regenerate when monsters are visible.
You are immune to unholy pain and torment.
You thrive by killing the living.


Message History

* * * LOW HITPOINT WARNING * * *
The hound closely misses you.
Blink to where?
Press: ? - help, Dir - move target, p - hound
Found a sling, a robe and 18 gold pieces.
As you read the scroll of blinking, it crumbles to dust.
Throw: 4 darts (poison)
Press: ? - help, Shift-Dir - straight line, f - hobgoblin
Aim: a hobgoblin (57% to hit)
You throw a poisoned dart.
The poisoned dart closely misses the hobgoblin.
Throw: 3 darts (poison)
Press: ? - help, Q - select action, (/) - cycle Shift-Dir - straight line, f/p - hobgoblin
Aim: a hobgoblin (57% to hit)
You throw a poisoned dart. The poisoned dart hits the hobgoblin.
The hobgoblin is poisoned.
Unknown command.
Throw: 2 darts (poison)
Press: ? - help, Q - select action, (/) - cycle Shift-Dir - straight line, f/p - hobgoblin
Aim: a hobgoblin (poisoned, 57% to hit)
You throw a poisoned dart. The poisoned dart hits the hobgoblin.
The hobgoblin looks even sicker.
Unknown command.
Throw: dart (poison)
Press: ? - help, Q - select action, (/) - cycle Shift-Dir - straight line, f/p - hobgoblin
Aim: a hobgoblin (very poisoned, 57% to hit)
Okay, then.
Unknown command.
A kobold comes into view. It is wielding a +0 dagger.
The kobold shouts!
A goblin comes into view. It is wielding a +0 dagger.
The goblin shouts!
An adder comes into view.
Found a stone staircase leading down.
The adder hisses angrily.
The kobold hits you with a +0 dagger.
* * * LOW HITPOINT WARNING * * *
As you read the scroll of teleportation, it crumbles to dust.
You feel strangely unstable. The kobold hits you with a +0 dagger.
You die...

.........##...(.?...
.............#......
.
...........##......
#.
#[........###.....
.>.
#..........##.....
.... #...gh..).#
#.#... #..S
#.........# #.#...
#....#....###......
#....g@...# ......
#....#..K..# #....
##. ##.#.....# ##..
#.#...#.# . ..##..#
# ###...## #... ...


You could see a hound, an adder, a hobgoblin (poisoned), a goblin and a kobold.

Vanquished Creatures
  3 adders
  An orc (D:4)
  4 ball pythons
  4 endoplasms
  4 giant cockroaches
  2 hobgoblins (D:2)
  9 jackals
  2 quokkas (D:2)
  2 bats
  5 frilled lizards
  6 goblins
  4 kobolds
  3 rats
49 creatures vanquished.

Notes
Turn   | Place    | Note
-------+----------+-------------------------------------------
     0 | D:1      | Gabide the Ghoul Gladiator began the quest for the Orb.
     0 | D:1      | Reached XP level 1. HP: 17/17 MP: 0/0
   546 | D:1      | Reached XP level 2. HP: 21/25 MP: 1/1
  1269 | D:2      | Reached XP level 3. HP: 29/30 MP: 2/2
  1396 | D:2      | Found a faded altar of an unknown god.
  2213 | D:3      | Identified the +1 pair of gloves "Keerunoo" {rC+ Stlth+}
  2288 | D:3      | Reached XP level 4. HP: 31/37 MP: 3/3
  2530 | D:4      | HP: 1/37 [kobold/+0 dagger (1)]
  2531 | D:4      | Slain by a kobold

Illustrated notes

Levels and vault maps discovered:
D:1:      spicycebolla_green_bress_n_ham, layout_basic, minmay_statues_item
D:2:      layout_loops_ring, shapermc_ecumenical_altar_notcrosses
D:3:      layout_basic, grunt_ministairs_9, minmay_distorted
D:4:      layout_cave_pools, gup_ossuary_entry_pyramid, minivault_23

Skill      XL: |  1  2  3  4 |
---------------+-------------+-----
Throwing       | 2 3 |  3.0
Dodging        | 3 |  3.1
Fighting       | |  2.9
Unarmed Combat | |  3.8

Action                   |  1- 3 |  4- 6 || total
-------------------------+-------+-------++-------
Melee: Unarmed           |   106 |    32 ||   138
       Punch             |       |     1 ||     1
Throw: Stone             |    13 |       ||    13
       Dart              |     3 |     4 ||     7
       Throwing net      |     1 |     3 ||     4
  Use: Scroll            |     1 |     3 ||     4
       Potion            |       |     1 ||     1
Armor: Leather armour    |    29 |    12 ||    41
Dodge: Dodged            |    65 |    34 ||    99
